 Dungeon Crawl Stone Soup version 0.19.0-18-g426998a (webtiles) character file.

1041 AAAAA the Fighter (level 8, -5/62 HPs)
             Began as an Octopode Warper on Nov 11, 2016.
             Was a Priest of Okawaru.
             Slain by a yak (14 damage)
             ... on level 8 of the Dungeon.
             The game lasted 00:15:57 (3979 turns).

AAAAA the Fighter (Octopode Warper)                 Turns: 3979, Time: 00:15:57

Health: -5/62      AC:  1    Str: 11    XL:     8   Next: 25%
Magic:  2/11       EV: 15    Int: 15    God:    Okawaru [***...]
Gold:   168        SH:  0    Dex: 13    Spells: 3 memorised, 4 levels left

rFire  . . .     SeeInvis .     E - +1 short sword (elec)
rCold  + . .     Gourm    .     (no shield)
rNeg   . . .     Faith    .     l - +0 hat
rPois  +         Spirit   .     (no amulet)
rElec  .         Reflect  .     w - ring of protection from cold
rCorr  .         Harm     .     s - ring of poison resistance
MR     .....                    p - ring of wizardry
Stlth  ++........               (no ring)
                                (no ring)
                                (no ring)
                                (no ring)
                                (no ring)

@: no status effects
A: almost no armour, stealthy swim, amphibious, 8 rings, constrict 8, camouflage
1, gelatinous body 1
a: Heroism, Renounce Religion


You were on level 8 of the Dungeon.
You worshipped Okawaru.
Okawaru was most pleased with you.
You were not hungry.

You visited 1 branch of the dungeon, and saw 9 of its levels.

You collected 168 gold pieces.

Inventory:

Hand Weapons
 a - a +0 falchion
 q - a +2 short sword of draining
 A - a +0 blowgun
 E - a +1 short sword of electrocution (weapon)
Missiles
 d - 5 tomahawks of dispersal
 j - 219 stones (quivered)
 y - 36 bolts
 B - 6 poisoned needles
Armour
 l - a +0 hat (worn)
 H - a +2 shield
Jewellery
 p - a ring of wizardry (on tentacle)
 s - a ring of poison resistance (right tentacle)
 w - a ring of protection from cold (left tentacle)
Wands
 r - a wand of iceblast (0/15)
Scrolls
 c - 2 scrolls of blinking
 e - 3 scrolls of noise
 g - 4 scrolls of remove curse
 h - a scroll of enchant armour {unknown}
 i - a scroll of recharging {unknown}
 m - 2 scrolls of amnesia {unknown}
 o - a scroll of teleportation {unknown}
 t - a scroll of immolation {unknown}
 x - a scroll of magic mapping {unknown}
 F - a scroll of fog {unknown}
 I - a scroll of enchant weapon {unknown}
Potions
 n - 2 potions of haste {unknown}
 u - a potion of brilliance {unknown}
 v - 2 potions of agility {unknown}
 z - a potion of heal wounds {unknown}
 C - 4 potions of curing {unknown}
 D - a potion of degeneration {unknown}
Books
 b - a book of Spatial Translocations

   Spells                             Type                      Level
   a - Blink                          Translocation                2
   b - Shroud of Golubria             Charms/Translocation         2
   c - Lesser Beckoning               Translocation                3
   d - Portal Projectile              Translocation                3
   e - Teleport Other                 Translocation                3
   f - Passage of Golubria            Translocation                4
Comestibles
 f - 3 bread rations
 k - 5 chunks of flesh
 G - a beef jerky


   Skills:
 - Level 8.6 Fighting
 - Level 2.0 Long Blades
 - Level 1.0 Throwing
 + Level 4.8 Dodging
 - Level 2.0 Spellcasting
 - Level 3.0 Translocations


You had 4 spell levels left.
You knew the following spells:

 Your Spells              Type           Power        Failure   Level  Hunger
a - Blink                 Tloc           N/A          4%          2    ###....
b - Shroud of Golubria    Chrm/Tloc      #.........   7%          2    ###....
c - Teleport Other        Tloc           ##......     9%          3    ###....


Dungeon Overview and Level Annotations

Branches:
Dungeon (9/15)
 Temple: D:4-7         Lair: D:8-11         Orc: D:9-12

Altars:
Okawaru
Trog
Xom
Yredelemnul

Shops:
D:4 %

Annotations:
D:4 Salmoras's ghost, amateur DgWn


Innate Abilities, Weirdness & Mutations

You cannot wear most types of armour.
You are very stealthy in the water. (Stealth+)
You are amphibious.
You can wear up to eight rings at the same time.
You can use your tentacles to constrict eight enemies at once.
Your skin changes colour to match your surroundings (Stealth+).
Your rubbery body absorbs attacks. (AC +1, EV +1)


Message History

You hit the yak but do no damage.
There is a sudden explosion of sparks!
The yak is almost dead.
The yak gores you!
Your shroud falls apart!
The yak misses you.
You hit the yak but do no damage.
The yak is almost dead.
The yak gores you!
You hit the yak. Your squeeze misses the yak.
The yak is almost dead.
The yak gores you!
* * * LOW HITPOINT WARNING * * *
You hit the yak but do no damage.
The yak is almost dead.
The yak gores you.
* * * LOW HITPOINT WARNING * * *
You hit the yak but do no damage.
The yak is almost dead.
The yak gores you!
You die...

###<.>### ###.#...#.###
###...#...#...###
###..)..#...#.....###
###.......#...#.......###
#<........+...'........>#
###.......#...#...รท...###
###.....#.Y.#.....###
###...#.@.#...###
###.#...#[### ###<.>###
#####


You could see a yak.

Vanquished Creatures
  A slime creature (D:8)
  3 yaks (D:8)
  An ogre (D:3)
  A howler monkey (D:4)
  A bullfrog zombie (D:9)
  An orc wizard (D:3)
  An iguana (D:9)
  2 gnolls
  10 adders
  An ooze (D:2)
  An adder skeleton (D:7)
  A worm (D:3)
  A dart slug (D:1)
  5 leopard geckos
  6 orcs
  6 giant cockroaches
  6 goblins
  5 hobgoblins
  5 jackals
  A quokka (D:4)
  4 ball pythons
  6 bats
  6 frilled lizards
  10 kobolds
  2 leopard gecko skeletons
  9 rats
96 creatures vanquished.

Notes
Turn   | Place    | Note
-------+----------+-------------------------------------------
     0 | D:1      | AAAAA the Octopode Warper began the quest for the Orb.
     0 | D:1      | Reached XP level 1. HP: 14/14 MP: 3/3
   160 | D:1      | Reached XP level 2. HP: 11/20 MP: 5/5
   201 | D:1      | Reached skill level 3 in Fighting
   440 | D:2      | Reached XP level 3. HP: 14/26 MP: 6/6
   448 | D:2      | Learned a level 2 spell: Blink
   452 | D:2      | Learned a level 3 spell: Teleport Other
   595 | D:2      | Found a shimmering altar of Xom.
   595 | D:2      | Found a faded altar of an unknown god.
   602 | D:2      | Found a faded altar of an unknown god.
   604 | D:2      | Found a faded altar of an unknown god.
   607 | D:2      | Found a basalt altar of Yredelemnul.
   638 | D:2      | Reached skill level 4 in Fighting
   710 | D:2      | Reached XP level 4. HP: 8/33 MP: 7/7
   771 | D:2      | Learned a level 2 spell: Shroud of Golubria
  1149 | D:2      | Reached skill level 5 in Fighting
  1149 | D:2      | Reached XP level 5. HP: 36/39 MP: 8/8
  1166 | D:2      | Found an iron altar of Okawaru.
  1175 | D:2      | Became a worshipper of Warmaster Okawaru
  1960 | D:3      | Noticed an ogre
  1965 | D:3      | Killed an ogre
  1965 | D:3      | Reached * piety under Okawaru
  1965 | D:3      | Reached skill level 6 in Fighting
  1965 | D:3      | Reached XP level 6. HP: 40/47 MP: 9/9
  2171 | D:4      | Found Qaiwuol's Food Boutique.
  2193 | D:4      | Noticed Salmoras's ghost (amateur DgWn)
  2332 | D:5      | Entered Level 5 of the Dungeon
  2449 | D:4      | Found a bloodstained altar of Trog.
  2840 | D:5      | You fall through a shaft for 2 floors!
  3243 | D:8      | Noticed a slime creature
  3250 | D:8      | Killed a slime creature
  3250 | D:8      | Reached ** piety under Okawaru
  3250 | D:8      | Reached skill level 7 in Fighting
  3250 | D:8      | Reached XP level 7. HP: 29/54 MP: 10/10
  3446 | D:9      | Noticed a yak
  3446 | D:9      | Noticed a yak
  3447 | D:9      | Noticed a yak
  3447 | D:9      | Noticed a yak
  3447 | D:9      | Noticed a yak
  3448 | D:9      | Noticed a yak
  3478 | D:8      | Killed a yak
  3478 | D:8      | Reached skill level 8 in Fighting
  3833 | D:8      | Killed a yak
  3833 | D:8      | Reached XP level 8. HP: 41/62 MP: 7/11
  3950 | D:8      | Killed a yak
  3950 | D:8      | Reached *** piety under Okawaru
  3979 | D:8      | Slain by a yak

Skill      XL: |  1  2  3  4  5  6  7  8 |
---------------+-------------------------+-----
Fighting       | 3 4 5 6 7 8 |  8.6
Dodging        | 3 4 |  4.8
Long Blades    | |  2.0
Throwing       | |  1.0
Spellcasting   | |  2.0
Translocations | |  3.0

Action                   |  1- 3 |  4- 6 |  7- 9 || total
-------------------------+-------+-------+-------++-------
Melee: Falchion          |    65 |     3 |       ||    68
       Constrict         |    17 |    41 |     2 ||    60
       Tentacles         |     7 |    23 |     5 ||    35
       Short sword       |       |   125 |    36 ||   161
Throw: Stone             |       |     2 |     2 ||     4
 Cast: Shroud of Golubri |       |     1 |     6 ||     7
       Blink             |       |     2 |     5 ||     7
Evoke: Wand              |       |     3 |       ||     3
  Use: Scroll            |       |     3 |       ||     3
 Stab: Sleeping          |     6 |     8 |       ||    14
  Eat: Chunk             |       |     6 |     3 ||     9
       Beef jerky        |       |       |     1 ||     1
Armor: Skin              |     5 |     7 |     1 ||    13
Dodge: Dodged            |    46 |    90 |    15 ||   151
       Rpst.: Falchion   |    18 |     1 |       ||    19
